 Dungeon Crawl Stone Soup version 0.21-a0-104-g7b58145 (webtiles) character file.

198 HAL9000 the Ruffian (level 5, -8/40 HPs)
             Began as a Draconian Transmuter on July 5, 2017.
             Mangled by an orc wizard
             ... wielding a +2 dagger of electrocution
              (16 damage)
             ... on level 4 of the Dungeon.
             The game lasted 00:05:04 (3664 turns).

HAL9000 the Ruffian (Draconian Transmuter)          Turns: 3664, Time: 00:05:04

Health: -8/40      AC:  7    Str: 13    XL:     5   Next: 47%
Magic:  2/8        EV: 12    Int: 14    God:
Gold:   112        SH:  0    Dex: 11    Spells: 5/8 levels left

rFire    . . .     SeeInvis .     - Unarmed
rCold    . . .     Gourm    .   (no shield)
rNeg     . . .     Faith    .   (armour unavailable)
rPois    +         Spirit   .   (helmet restricted)
rElec    .         Reflect  .   y - +0 cloak
rCorr    .         Harm     .   h - +0 pair of gloves
MR       .....     Rnd*Tele +   (no boots)
Stlth    +.........             (no amulet)
HPRegen  0.13/turn              t - ring of teleportation (curse)
MPRegen  0.11/turn              x - ring of poison resistance

@: no status effects
A: unfitting armour, cold-blooded, AC +5
a: no special abilities


You were on level 4 of the Dungeon.
You were not hungry.

You visited 1 branch of the dungeon, and saw 4 of its levels.

You collected 112 gold pieces.

Inventory:

Missiles
 a - 4 arrows
Armour
 h - a +0 pair of gloves (worn)
 y - a +0 cloak (worn)
Jewellery
 t - a cursed ring of teleportation (left hand)
 x - a ring of poison resistance (right hand)
Scrolls
 d - a scroll of amnesia {unknown}
 e - 5 scrolls of identify {unknown}
 u - 3 scrolls of noise {unknown}
 v - 2 scrolls of recharging {unknown}
 w - a scroll of magic mapping {unknown}
 B - a scroll of teleportation {unknown}
Books
 b - a book of Changes

   Spells                             Type                      Level
   a - Beastly Appendage              Transmutation                1
   b - Sticks to Snakes               Transmutation                2
   c - Spider Form                    Transmutation/Poison         3
   d - Ice Form                       Ice/Transmutation            4
   e - Blade Hands                    Transmutation                5
Comestibles
 c - 4 bread rations
 z - a royal jelly
 A - a chunk of flesh


   Skills:
 - Level 1.1 Fighting
 - Level 1.7 Dodging
 + Level 4.7 Unarmed Combat
 - Level 2.0 Spellcasting
 + Level 4.4 Transmutations


You had 5 spell levels left.
You knew the following spells:

 Your Spells              Type           Power        Failure   Level  Hunger
a - Beastly Appendage     Tmut           ##....       3%          1    ##.....
b - Sticks to Snakes      Tmut           ##......     6%          2    ###....


Dungeon Overview and Level Annotations

Branches:
Dungeon (4/15)
 Temple: D:4-7

Altars:
Ashenzari
Elyvilon


Innate Abilities, Weirdness & Mutations

Your plain brown scales are hard. (AC +5)
You cannot fit into any form of body armour.
You are cold-blooded and may be slowed by cold attacks.


Message History

Your ball python constricts the orc wizard.
Your ball python bites the orc but does no damage.
Your ball python constricts the orc.
The orc closely misses you. The orc barely misses your ball python.
You hit the orc.
The orc is almost dead.
The orc wizard gestures at you while chanting.
The puff of frost hits you!
The orc hits you from afar with a trident of venom.
Your ball python barely misses the orc.
Your ball python constricts the orc.
The orc dies!
Your ball python barely misses the orc wizard.
Your ball python constricts the orc wizard.
The orc hits your ball python but does no damage.
You hit the orc wizard. You tail-slap the orc wizard.
The orc wizard is severely wounded.
The orc wizard hits you with a dagger of electrocution.
* * * LOW HITPOINT WARNING * * *
You are electrocuted!
You die...

### ###.# ##...##
###.....# ##.......#
###.......##
##.........#
##S.......†.#
#.@S........#
#S)o.........#
#oo..........##
#.............#
...............#
................#
...............#########
........................
........########...


You could see an orc wizard, 2 orcs and 3 friendly ball pythons.

Vanquished Creatures
  A bullfrog (D:4)
  A hound (D:4)
  A worker ant (D:4)
  An adder (D:3)
  3 worms
  2 dart slugs (D:1)
  7 leopard geckos
  An orc (D:4)
  A ball python (D:1)
  3 bats
  5 giant cockroaches
  8 goblins
  A hobgoblin (D:1)
  A quokka (D:2)
  5 frilled lizards
  6 kobolds
  14 rats
61 creatures vanquished.

Vanquished Creatures (collateral kills)
  An adder (D:2)
  A worm (D:2)
  An orc (D:4)
3 creatures vanquished.

Grand Total: 64 creatures vanquished

Notes
Turn   | Place    | Note
-------+----------+-------------------------------------------
     0 | D:1      | HAL9000 the Draconian Transmuter began the quest for the Orb.
     0 | D:1      | Reached XP level 1. HP: 16/16 MP: 3/3
   228 | D:1      | Reached XP level 2. HP: 22/23 MP: 3/5
   788 | D:1      | Learned a level 2 spell: Sticks to Snakes
   962 | D:2      | Reached XP level 3. HP: 22/28 MP: 3/6
  1465 | D:2      | Found a shattered altar of Ashenzari.
  1835 | D:2      | Found a white marble altar of Elyvilon.
  2227 | D:2      | Reached XP level 4. HP: 9/35 MP: 4/7
  3565 | D:4      | Reached XP level 5. HP: 27/40 MP: 5/8
  3664 | D:4      | Mangled by an orc wizard

Vault maps used:
D:1:      dpeg_arrival_solitude
D:2:      cheibrodos_helix_gallery, ashenzari_altar_1, elyvilon_altar_3
D:3:      first_bread, gup_sewer_entry_spiral
D:4:      nicolae_dithmenos_the_darkroom

Skill      XL: |  1  2  3  4 |
---------------+-------------+-----
Transmutations | 3 4 |  4.4
Unarmed Combat | 4 |  4.7
Fighting       | |  1.1
Dodging        | |  1.7
Spellcasting   | |  2.0

Action                   |  1- 3 |  4- 6 || total
-------------------------+-------+-------++-------
Melee: Unarmed           |   177 |    81 ||   258
       Tailslap          |    15 |     7 ||    22
       Kick              |     8 |     1 ||     9
       Punch             |     2 |       ||     2
       Headbutt          |       |     1 ||     1
 Cast: Beastly Appendage |    16 |     4 ||    20
       Sticks to Snakes  |     3 |     5 ||     8
 Stab: Sleeping          |     2 |     1 ||     3
  Eat: Chunk             |     4 |     1 ||     5
       Meat ration       |       |     1 ||     1
Armor: Skin              |    60 |    31 ||    91
Dodge: Dodged            |   148 |    55 ||   203
